 Dungeon Crawl Stone Soup version 0.30-a0-40-gc6d0f036a7 (webtiles) character file.

Game seed: 17908230258453604802

6948 ytrimaz the Transmogrifier (level 11, 0/69 HPs)
             Began as an Octopode Transmuter on Aug 29, 2022.
             Was a Follower of Ashenzari.
             Slain by a centaur warrior (3 damage)
             ... on level 9 of the Dungeon.
             The game lasted 00:13:17 (11673 turns).

ytrimaz the Transmogrifier (Octopode Transmuter)   Turns: 11673, Time: 00:13:17

Health: 0/69       AC:  2    Str: 10    XL:     11   Next: 7%
Magic:  23/25      EV: 20    Int: 26    God:    Ashenzari [*.....]
Gold:   650        SH:  0    Dex: 17    Spells: 21/31 levels left

rFire   . . .      SeeInvis .      - Unarmed
rCold   . . .      Faith    .    (shield currently unavailable)
rNeg    . . .      Spirit   .    (helmet currently unavailable)
rPois   x          Reflect  .    i - amulet of the acrobat
rElec   .          Harm     .    e - ring of the Enigmatic Sun {Slay+4, Self, Bglg} (curse)
rCorr   .          Rampage  .    s - ring "Elysian Seeker" {Int+6, Comp, Cun} (curse)
Will    +....                    (no ring)
Stlth   ++........               (no ring)
HPRegen 0.21/turn                (no ring)
MPRegen 0.19/turn                (no ring)
                                 (no ring)
                                 (no ring)

@: spider-form
A: venomous fangs, almost no armour, (amphibious), 8 rings, tiny, (camouflage
1), (gelatinous body 1), (nimble swimmer 1), (tentacles), strong-willed 1
a: End Transformation, Renounce Religion, Shatter the Chains


You were on level 9 of the Dungeon.
You worshipped Ashenzari.
Ashenzari was aware of your devotion.
You were a venomous arachnid creature.
You visited 2 branches of the dungeon, and saw 10 of its levels.
You visited the Abyss 1 time.
You also visited: Sewer and Ossuary.

You collected 650 gold pieces.

Inventory:

Jewellery
 e - the cursed ring of the Enigmatic Sun (left front leg) {Slay+4, Self, Bglg}
   (You found it on level 1 of the Dungeon)

   [ring of slaying]

   Slay:      It affects your accuracy & damage with ranged weapons and melee
   (+4).
   It has a curse which improves the following skills: Introspection: Fighting
   and Spellcasting.
   Beguiling: Conjurations, Hexes and Translocations.
 i - an amulet of the acrobat (around neck)
 s - the cursed ring "Elysian Seeker" (right front leg) {Int+6, Comp, Cun}
   (You found it on level 5 of the Dungeon)

   [ring of intelligence]

   Int:       It affects your intelligence (+6).
   It has a curse which improves the following skills: Companions: Summonings
   and Necromancy.
   Cunning:   Dodging and Stealth.
Wands
 l - a wand of flame (7)
 m - a wand of acid (5)
 t - a wand of iceblast (2)
Scrolls
 g - 2 scrolls of summoning
 h - 2 scrolls of noise
 k - 5 scrolls of teleportation
 p - 2 scrolls of butterflies
 q - a scroll of enchant weapon
 u - a scroll of fear
Potions
 a - a potion of might
 c - 2 potions of flight
 d - 4 potions of curing
 f - a potion of cancellation
 n - a potion of ambrosia
 o - 3 potions of mutation
 w - a potion of resistance


   Skills:
 + Level 3.4(4.2) Fighting
 - Level 2.0(2.6) Dodging
 + Level 6.2 Unarmed Combat
 - Level 10.0(10.8) Spellcasting
 - Level 10.0 Transmutations
 - Level 4.0 Ice Magic
 - Level 4.0 Poison Magic


You had 21 spell levels left.
You knew the following spells:

 Your Spells              Type           Power      Damage    Failure   Level
a - Beastly Appendage     Tmut           100%       N/A       1%          1
b - Wereblood             Tmut           60%        N/A       1%          2
c - Spider Form           Tmut/Pois      50%        N/A       4%          3
d - Ice Form              Ice/Tmut       50%        N/A       9%          4

Your spell library contained the following spells:

 Spells                   Type           Power      Damage    Failure   Level
 Gell's Gravitas          Tloc           14%        N/A       28%         3
 Teleport Other           Tloc           14%        N/A       28%         3
 Dispersal                Tloc           7%         N/A       100%        6


Dungeon Overview and Level Annotations

Branches:
Dungeon (9/15)             Temple (1/1) D:5           Sewer (visited)
Ossuary (visited)
   Lair: D:8-11         Orc: D:9-12

Altars:
Ashenzari
Cheibriados
Dithmenos
Elyvilon
Fedhas
Gozag
Hepliaklqana
Kikubaaqudgha
Makhleb
Nemelex Xobeh
Okawaru
Qazlal
Ru
Sif Muna
Trog
Uskayaw
Vehumet
Wu Jian
Xom
Yredelemnul
The Shining One

Shops:
D:4 **   D:5 *   D:9 [

Annotations:
D:4 3 runed translucent doors, nucleargodhead's ghost, amateur TrBe
D:5 2 transporters, drugrobin's ghost, weakling DgDe
D:6 2 transporters


Innate Abilities, Weirdness & Mutations

You are a venomous arachnid creature.
You have poisonous fangs.
You are tiny and dextrous.
Your spellcasting is less reliable in this form.
Your armour is entirely melded.
You are incapable of wielding weapons or throwing items.
You cannot wear most types of armour.
((You are amphibious.))
You can wear up to eight rings at the same time.
((Your skin changes colour to match your surroundings (Stealth+).))
((Your rubbery body absorbs attacks. (AC +1, EV +1)))
((You are camouflaged when in or above water. (Stealth+)))
((You have tentacles for arms and can constrict up to eight enemies at once.))
You are strong-willed. (Will+)


Message History

You open the door.
Found Pyorphoasm's Antique Armour Shop.
There is an open door here.
There is an entrance to Pyorphoasm's Antique Armour Shop here.
Your transformation is almost over.
You open the door.
There is an open door here.
You warm up again.
There is an open door here.
There is an entrance to Pyorphoasm's Antique Armour Shop here.
There is an open door here.
A centaur warrior comes into view.
A centaur warrior is nearby!
A centaur warrior is nearby!
The centaur warrior shouts!
The centaur warrior wields a +0 shortbow.
The centaur warrior shoots an arrow.
The arrow misses you.
Casting: Ice Form (dangerous; 2% risk of failure)
Confirm with . or Enter, or press ? or * to list all spells.
You turn into a venomous arachnid creature.
The centaur warrior shoots an arrow.
The arrow hits you!!
The centaur warrior shoots an arrow.
The arrow hits you.
Okay, then.
The centaur warrior shoots an arrow.
The arrow completely misses you.
The centaur warrior shoots an arrow.
The arrow misses you.
Found a wand of charming (3).
The centaur warrior shoots an arrow.
The arrow hits you.
The centaur warrior shoots an arrow.
The arrow closely misses you.
The centaur warrior shoots an arrow.
The arrow hits you!
The centaur warrior unwields a +0 shortbow.
The centaur warrior completely misses you. x2
You hit the centaur warrior.
The centaur warrior is poisoned.
The centaur warrior is lightly wounded.
The centaur warrior hits you.
* * * LOW HITPOINT WARNING * * *
The centaur warrior kicks you but does no damage.
The centaur warrior hits you!
* * * LOW HITPOINT WARNING * * *
The centaur warrior kicks you.
You die...

#.................
##.................
###..................
#.#..................
##...................
##..................
#..................
##..................
#..s................
#...c...............
#.......... ........
#.......... ..
#.......... .
..../......
##..........
#..........


You could see a centaur warrior (very poisoned).

Vanquished Creatures
  A thrashing horror (Abyss:1)
  A large abomination (Abyss:1)
  Joseph (D:7)
  An orange demon (Abyss:1)
  An ancient zyme (Abyss:1)
  Prince Ribbit (D:6)
  A harpy skeleton (Abyss:1)
  A raiju (Abyss:1)
  A vampire (D:9)
  Eustachio (D:5)
  A neqoxec (Abyss:1)
  A steam dragon (D:7)
  Menkaure (D:4)
  2 water moccasins
  Duvessa (D:5)
  Pargi (Sewer)
  A black bear (D:6)
  3 sky beasts (D:7)
  3 ice beasts
  An ogre (D:4)
  A centaur (D:8)
  2 small abominations (Abyss:1)
  3 kobold brigands
  A bullfrog (D:8)
  4 elf zombies (Ossuary)
  2 gnoll sergeants
  5 scorpions
  14 wights
  Dowan (D:5)
  A howler monkey (D:5)
  2 human zombies (Ossuary)
  A hound (D:4)
  A gnoll bouda (D:7)
  4 jellies
  Jessica (D:2)
  An iguana (D:5)
  2 orc wizards
  A hound zombie (Ossuary)
  4 mummies (Ossuary)
  13 gnolls
  3 adders
  2 shadow imps
  A white imp (D:5)
  An adder zombie (Ossuary)
  A worm (D:2)
  A dart slug (D:4)
  10 orcs
  11 endoplasms
  3 giant cockroaches
  4 goblins
  5 hobgoblins
  2 jackals (D:1)
  26 kobolds
  13 quokkas
  2 ball pythons
  7 bats
  12 frilled lizards
  2 goblin zombies (Ossuary)
  A jackal zombie (Ossuary)
  A kobold zombie (Ossuary)
  A rat (D:1)
198 creatures vanquished.

Vanquished Creatures (others)
  3 plants (D:1)
3 creatures vanquished.

Grand Total: 201 creatures vanquished

Notes
Turn   | Place    | Note
-------+----------+-------------------------------------------
     0 | D:1      | ytrimaz the Octopode Transmuter began the quest for the
                  | Orb.
     0 | D:1      | Reached XP level 1. HP: 13/13 MP: 3/3
   219 | D:1      | Reached XP level 2. HP: 14/18 MP: 5/5
   940 | D:1      | Reached XP level 3. HP: 23/23 MP: 4/6
   943 | D:1      | Learned a level 2 spell: Wereblood
   947 | D:1      | Learned a level 3 spell: Spider Form
  1807 | D:2      | Noticed Jessica
  1816 | D:2      | Killed Jessica
  1817 | D:2      | Reached skill level 5 in Unarmed Combat
  1817 | D:2      | Reached XP level 4. HP: 5/28 MP: 2/7
  2417 | D:3      | Found an iron altar of Okawaru.
  2418 | D:3      | Found a basalt altar of Yredelemnul.
  2786 | D:3      | You fall into a shaft and drop 1 floor!
  2804 | D:4      | Found a runed translucent gate.
  2804 | D:4      | Found a runed translucent gate.
  2805 | D:4      | Found a runed translucent gate.
  2808 | D:4      | Noticed nucleargodhead's ghost (amateur TrBe)
  2820 | D:4      | Found a sand-covered staircase.
  2827 | D:4      | Reached skill level 1 in Poison Magic
  2833 | D:4      | Reached XP level 5. HP: 30/33 MP: 4/8
  2836 | Ossuary  | Entered an ossuary
  2875 | Ossuary  | Reached XP level 6. HP: 21/38 MP: 6/9
  2900 | Ossuary  | Reached XP level 7. HP: 12/43 MP: 7/12
  3420 | D:4      | Found a glowing drain.
  3439 | Sewer    | Entered a sewer
  3498 | Sewer    | Noticed Pargi
  3509 | Sewer    | Killed Pargi
  4356 | D:4      | Found Keodd's Gadget Gallery.
  4368 | D:4      | Found Gicyad's Assorted Antiques.
  4456 | D:4      | Noticed Menkaure
  4467 | D:4      | HP: 1/43 [Menkaure (18)]
  4468 | D:4      | Killed Menkaure
  4469 | D:4      | Reached skill level 5 in Spellcasting
  4469 | D:4      | Reached skill level 5 in Transmutations
  4469 | D:4      | Reached XP level 8. HP: 1/48 MP: 12/15
  4870 | D:4      | Learned a level 4 spell: Ice Form
  4897 | D:5      | Entered Level 5 of the Dungeon
  4966 | D:5      | Reached skill level 1 in Ice Magic
  5076 | D:5      | Found Lomannag's Fire Supplies.
  5107 | D:5      | Found a transporter.
  5114 | D:5      | Noticed drugrobin's ghost (weakling DgDe)
  5131 | D:5      | Found a transporter.
  5456 | D:5      | Noticed Eustachio
  5459 | D:5      | Found a staircase to the Ecumenical Temple.
  5467 | D:5      | Killed Eustachio
  5478 | Temple   | Entered the Ecumenical Temple
  5771 | Temple   | Became a worshipper of Ashenzari the Shackled
  5834 | D:5      | Reached XP level 9. HP: 52/53 MP: 12/18
  5940 | D:5      | Found an ancient bone altar of Kikubaaqudgha.
  6070 | D:5      | Noticed Dowan
  6084 | D:5      | Noticed Duvessa
  6091 | D:5      | Killed Duvessa
  6094 | D:5      | Killed Dowan
  6177 | D:6      | Noticed Prince Ribbit
  6189 | D:6      | Killed Prince Ribbit
  6343 | D:6      | Found a transporter.
  7293 | D:6      | Found a transporter.
  7930 | D:7      | Reached XP level 10. HP: 58/58 MP: 18/22
  8403 | D:7      | Noticed Joseph
  8424 | D:7      | Killed Joseph
  9311 | Abyss:1  | Found a corrupted altar of Lugonu.
  9311 | Abyss:1  | Cast into level 1 of the Abyss (gnoll sergeant)
  9355 | Abyss:1  | Noticed a large abomination
  9365 | Abyss:1  | Killed a large abomination
  9499 | Abyss:1  | Noticed a cacodemon
  9671 | Abyss:1  | Gained mutation: You are strong-willed. (Will+) [a neqoxec]
  9673 | Abyss:1  | Noticed an orange demon
  9681 | Abyss:1  | Killed an orange demon
  9682 | Abyss:1  | Reached skill level 10 in Transmutations
  9733 | Abyss:1  | Noticed a thrashing horror
  9746 | Abyss:1  | Killed a thrashing horror
  9747 | Abyss:1  | Reached skill level 10 in Spellcasting
  9796 | D:8      | Escaped the Abyss
 10621 | D:8      | Reached XP level 11. HP: 66/66 MP: 21/25
 11502 | D:9      | Reached * piety under Ashenzari
 11623 | D:9      | Found Pyorphoasm's Antique Armour Shop.
 11661 | D:9      | Noticed a centaur warrior
 11673 | D:9      | HP: 3/69 [centaur warrior (15)]
 11673 | D:9      | Slain by a centaur warrior

Illustrated notes

Levels and vault maps discovered:
D:1:      tarquinn_simple_flora_water_c, layout_rooms, serial_forest,
          infiniplex_forest_clump_double, infiniplex_forest_pool,
          infiniplex_forest_lined_corner, infiniplex_forest_lined_1,
          infiniplex_forest_clump_medium, minmay_lizard_king
D:2:      wander_river, layout_basic, uniq_jessica
D:3:      kennysheep_six_static_rooms, layout_loops_ring,
          mainiacjoe_overflow_catwalk, nicolae_overflow_two_pavilions
D:4:      layout_rooms, serial_shops, nicolae_diamond_shop,
          nicolae_ossuary_entry_monument, gammafunk_ghost_necromancy,
          portal_sewer_entry_f, nicolae_shop_gadgets, uniq_menkaure
D:5:      layout_rooms, mainiacjoe_overflow_six_doors_small,
          minmay_temple_entry_hall, gammafunk_ghost_arena,
          nicolae_shop_fire_sale [nicolae_sub_dead_trees],
          hangedman_abyss_or_decor_lesser_grid, uniq_duvessa, uniq_eustachio
D:6:      gammafunk_steamed_eel, layout_cave_pools, uniq_prince_ribbit1
D:7:      layout_cave_pools, uniq_joseph
D:8:      layout_basic
D:9:      layout_layer_cave, serial_shops, kennysheep_little_box,
          kennysheep_dice, uniq_harold
Temple:   regret_index_temple_chain_breaker

Skill      XL: |  1  2  3  4  5  6  7  8  9 10 11 |
---------------+----------------------------------+-----
Unarmed Combat | 4 5 6 |  6.2
Poison Magic   | 1 3 4 |  4.0
Transmutations | 3 5 6 8 10 | 10.0
Spellcasting   | 3 5 6 8 10 | 10.0
Ice Magic      | 4 |  4.0
Fighting       | 2 3 |  3.4
Dodging        | |  2.0

Action                   |  1- 3 |  4- 6 |  7- 9 | 10-12 || total
-------------------------+-------+-------+-------+-------++-------
Melee: Unarmed           |    80 |    72 |   255 |   118 ||   525
       Tentacles         |    22 |     4 |     2 |       ||    28
       Constrict         |    18 |     5 |     1 |       ||    24
       Kick              |     8 |     4 |       |       ||    12
       Punch             |     3 |     1 |       |       ||     4
 Cast: Beastly Appendage |    11 |     7 |     2 |       ||    20
       Spider Form       |       |     1 |    15 |     1 ||    17
       Wereblood         |       |     2 |     3 |     1 ||     6
       Ice Form          |       |       |    24 |    22 ||    46
Invok: Curse Item        |       |       |       |     2 ||     2
Evoke: Wand              |       |       |     2 |     2 ||     4
  Use: Scroll            |     7 |       |    12 |     3 ||    22
       Potion            |       |     1 |     2 |    10 ||    13
 Stab: Sleeping          |     6 |     4 |     2 |       ||    12
       Invisible         |       |       |       |     1 ||     1
Armor: Skin              |     9 |   112 |    93 |    80 ||   294
Dodge: Dodged            |    55 |    35 |   166 |    87 ||   343

Table legend: (Time is in decaauts)
 A = Elapsed time spent in this place.
 B = Non-inter-level travel time spent in this place.
 C = Inter-level travel time spent in this place.
 D = Time resting spent in this place.
 E = Time spent auto-exploring this place.
 F = Levels seen in this place.
 G = Mean time per level.
                   A        B        C        D        E       F      G
               +--------+--------+--------+--------+--------+-----+--------+
         Total |  11636 |  11422 |    214 |   2069 |   7628 |  13 |  895.1 |
       Dungeon |   9889 |   9699 |    190 |   1701 |   6630 |   9 | 1098.8 |
        Temple |    298 |    274 |     24 |      0 |    257 |   1 |  298.0 |
         Abyss |    480 |    480 |      0 |    368 |      0 |   1 |  480.0 |
         Sewer |    463 |    463 |      0 |      0 |    404 |   1 |  463.0 |
       Ossuary |    504 |    504 |      0 |      0 |    337 |   1 |  504.0 |
               +--------+--------+--------+--------+--------+-----+--------+

Top non-repeatable levels by time:
     D:7: 1796 daAuts
     D:5: 1524 daAuts
     D:1: 1310 daAuts
     D:4: 1193 daAuts
     D:8: 1044 daAuts
     D:2: 1014 daAuts
     D:6: 974 daAuts
     D:9: 572 daAuts
 Ossuary: 504 daAuts
 Abyss:1: 480 daAuts
   Sewer: 463 daAuts
     D:3: 459 daAuts
  Temple: 298 daAuts
